Map: [ESL] Tropical Sacrifice

Players

piglet

  • Race: Terran Terran
  • Spawn Location: 1:00

PattyMac - Winner!

  • Race: Protoss Protoss
  • Spawn Location: 7:00

Event: DreamHack SC2 Masters 2022 Valencia

VOD

Have the link to the VOD?

Description

Time

  • Played on: July 1, 2022, 2:42 p.m.
  • Length: 12:51

All games in this series

Show
View Real Time Build Order
Export as new Build Order

piglet Terran 

Build Orders: Gas First Reaper Expand, Banshee Rush 

Get SALT Encoding   

  12  0:00  SCV  
  13  0:12  SCV  
  14  0:17  Supply Depot  
  14  0:24  SCV  
  14  0:28  Refinery  
  15  0:39  SCV  
  16  0:45  Barracks  
  16  0:51  SCV  
  17  1:03  SCV  
  18  1:15  SCV  
  19  1:32  Orbital Command, Reaper  
  20  1:50  Command Center  
  20  1:58  Factory  
  21  2:01  SCV  
  21  2:06  Barracks Reactor  
  21  2:11  Refinery  
  21  2:13  SCV  
  22  2:20  Supply Depot  
  22  2:25  SCV  
  23  2:42  Hellion, SCV, Starport  
  26  2:45  Marine  
  26  2:48  Marine  
  28  2:58  SCV  
  28  3:05  Factory Tech Lab, Marine  
  29  3:11  SCV  
  29  3:12  Orbital Command  
  31  3:14  Marine  
  32  3:23  SCV  
  33  3:35  SCV  
  33  3:37  Cloaking Field, Banshee  
  33  3:38  Factory Tech Lab, Marine x2  
  33  3:41  SCV  
  37  3:47  SCV  
  38  3:51  Supply Depot  
  38  3:53  SCV  
  37  4:01  SCV, Supply Depot  
  37  4:06  Cyclone  
  37  4:09  SCV  
  41  4:15  Marine  
  41  4:16  Marine  
  42  4:18  SCV  
  42  4:22  Banshee  
  46  4:29  SCV  
  45  4:34  SCV  
  46  4:40  Marine x2, Cyclone  
  46  4:44  SCV  
  52  4:47  SCV  
  52  4:49  Supply Depot  
  53  4:56  SCV  
  53  4:57  Barracks  
  53  4:59  SCV  
  55  5:03  Marine x2  
  57  5:08  Barracks, Banshee  
  57  5:10  SCV  
  61  5:17  Refinery  
  61  5:20  Supply Depot  
  58  5:22  SCV x2  
  60  5:31  Factory Reactor  
  60  5:34  SCV x2  
  60  5:35  Marine  
  60  5:42  Engineering Bay  
  56  5:46  SCV  
  56  5:47  SCV  
  55  5:57  Refinery  
  55  5:58  SCV  
  55  5:59  SCV  
  55  6:00  Starport Reactor  
  55  6:01  Marine x2, Stimpack  
  55  6:02  Marine  
  60  6:06  Combat Shield, Marauder  
  60  6:10  SCV  
  63  6:14  Supply Depot, Terran Infantry Weapons Level 1  
  63  6:15  SCV  
  64  6:19  Marine x2  
  64  6:21  Marauder  
  64  6:22  SCV  
  64  6:25  Barracks  
  69  6:29  Barracks, SCV  
  67  6:34  SCV  
  64  6:41  SCV, Marine, Marauder  
  64  6:47  SCV  
  66  6:52  Medivac x2  
  66  6:53  SCV, Marauder  
  73  6:59  SCV  
  73  7:01  Marine x2  
  74  7:02  Widow Mine  
  74  7:05  SCV  
  76  7:09  Barracks  
  76  7:11  SCV  
  76  7:13  Ghost Academy  
  76  7:14  Barracks Tech Lab  
  79  7:15  Marauder  
  79  7:18  SCV  
  79  7:20  Supply Depot  
  79  7:22  Marine, Marauder  
  83  7:27  Medivac  
  85  7:34  SCV, Supply Depot  
  86  7:42  Medivac, Marauder x2, Widow Mine  
  94  7:45  Supply Depot  
  94  7:55  Ghost, Marine x2  
  94  7:58  Barracks Tech Lab, Supply Depot  
  98  8:03  Marine  
  98  8:06  Marine  
  95  8:14  Marine  
  95  8:15  SCV  
  95  8:16  SCV  
  91  8:21  Marauder  
  91  8:24  Marine  
  91  8:25  Medivac x2, Marine, Marauder  
  88  8:32  Ghost  
  88  8:33  Marine  
  89  8:39  Supply Depot  
  89  8:40  Widow Mine  
  89  8:41  Widow Mine  
  93  8:46  Command Center  
  93  8:47  Marine  
  94  8:50  Marine  
  94  8:51  Marauder  
  97  9:00  Marine, Marauder  
  99  9:09  Marine, Marauder  
  96  9:22  SCV  
  96  9:23  Marine, Marauder  
  100  9:30  Marine  
  100  9:31  Marine, Marauder x2  
  100  9:38  Medivac x2  
  93  9:41  Marine  
  93  9:42  Enhanced Shockwaves  
  93  9:43  Terran Infantry Armor Level 1  
  93  9:44  SCV  
  93  9:45  Marauder  
  97  9:46  Widow Mine  
  97  9:52  Marauder  
  99  9:54  SCV  
  99  9:56  SCV  
  101  10:01  Marine x2  
  101  10:04  Marine, Marauder  
  101  10:06  Marine  
  107  10:08  Medivac  
  109  10:14  Orbital Command  
  109  10:17  Ghost  
  109  10:18  Marine  
  112  10:22  Marine  
  112  10:24  Marauder  
  112  10:26  Viking  
  117  10:30  Marine  
  117  10:34  Marauder  
  116  10:36  Marine  
  116  10:38  Viking  
  116  10:41  Marine  
  116  10:46  Marauder  
  116  10:49  Refinery  
  118  10:55  Starport  
  118  10:57  Marine x2  
  118  10:58  Viking, Marauder x2  
  118  11:03  SCV, Supply Depot  
  118  11:04  SCV, Supply Depot  
  128  11:09  Viking, Marine  
  131  11:20  Marine x2, Marauder x2  
  131  11:21  Ghost  
  139  11:26  Supply Depot, Command Center  
  139  11:32  Marine  
  140  11:34  Command Center  
  140  11:38  SCV, Marauder  
  140  11:39  Concussive Shells  
  140  11:41  Marauder  
  142  11:50  Marine  
  142  11:51  Marauder  
  142  11:54  Viking  
  147  11:56  Viking  
  147  11:59  Marine  
  147  12:00  Marauder  
  152  12:06  Viking  
  149  12:09  Marine, Marauder  
  149  12:14  SCV  
  143  12:15  Missile Turret  
  143  12:16  Sensor Tower  
  143  12:18  SCV  
  143  12:20  Marauder  
  144  12:28  Marine, Marauder x2  
  146  12:33  Marine  
  146  12:35  SCV  
  146  12:36  SCV  
Show
View Real Time Build Order
Export as new Build Order

PattyMac Protoss - Winner!

Build Orders: 1 Gate Expand, Oracle Opening 

Get SALT Encoding   

  12  0:00  Probe  
  13  0:12  Probe  
  14  0:17  Pylon  
  14  0:24  Probe (Chrono Boost)  
  15  0:36  Probe (Chrono Boost)  
  15  0:38  Gateway  
  16  0:44  Probe (Chrono Boost)  
  16  0:46  Assimilator  
  17  0:51  Probe  
  18  1:03  Probe  
  19  1:15  Probe  
  20  1:25  Nexus  
  20  1:29  Probe  
  21  1:35  Assimilator  
  21  1:44  Cybernetics Core  
  21  1:47  Probe  
  22  1:54  Pylon  
  22  2:00  Probe  
  23  2:12  Probe  
  24  2:18  Adept (Chrono Boost)  
  24  2:22  Stargate  
  25  2:24  Probe  
  25  2:27  Warp Gate  
  27  2:37  Probe (Chrono Boost)  
  27  2:41  Adept  
  27  2:42  Probe (Chrono Boost)  
  30  2:47  Probe (Chrono Boost)  
  30  2:51  Probe (Chrono Boost)  
  32  2:53  Probe  
  33  3:01  Probe  
  33  3:05  Probe  
  35  3:06  Pylon  
  35  3:08  Oracle (Chrono Boost)  
  38  3:13  Probe  
  38  3:17  Probe  
  40  3:25  Pylon, Probe  
  39  3:36  Probe  
  39  3:39  Oracle (Chrono Boost)  
  42  3:41  Probe  
  42  3:48  Probe  
  44  3:53  Probe  
  44  3:55  Gateway  
  45  4:00  Probe  
  46  4:05  Probe  
  47  4:12  Probe, Pylon, Phoenix (Chrono Boost)  
  50  4:17  Probe  
  51  4:24  Probe  
  51  4:25  Stalker  
  51  4:30  Probe  
  55  4:36  Probe  
  56  4:41  Twilight Council  
  56  4:42  Probe  
  56  4:44  Forge  
  57  4:48  Stalker, Probe  
  57  4:51  Gateway, Assimilator  
  57  4:52  Gateway  
  59  4:56  Probe  
  60  5:01  Probe  
  60  5:03  Stalker  
  63  5:08  Probe  
  63  5:13  Probe  
  65  5:15  Nexus  
  65  5:20  Probe  
  66  5:21  Stalker  
  66  5:25  Shield Battery  
  66  5:26  Pylon  
  68  5:33  Stalker  
  67  5:40  Blink (Chrono Boost)  
  67  5:45  Probe  
  67  5:47  Stalker x3  
  72  5:51  Protoss Ground Weapons Level 1 (Chrono Boost)  
  72  5:52  Probe  
  71  5:57  Probe  
  71  6:03  Gateway  
  72  6:04  Probe  
  72  6:06  Gateway  
  72  6:09  Probe  
  74  6:15  Pylon  
  74  6:16  Probe  
  75  6:19  Robotics Facility  
  75  6:21  Probe  
  76  6:28  Probe  
  77  6:44  Stalker x4, Probe  
  84  6:51  Gateway  
  82  6:57  Gateway  
  82  7:01  Gateway  
  80  7:05  Probe  
  80  7:06  Pylon, Probe  
  80  7:07  Observer (Chrono Boost)  
  81  7:09  Probe  
  82  7:15  Pylon  
  82  7:17  Charge, Probe  
  82  7:20  Probe  
  84  7:25  Probe  
  84  7:27  Assimilator  
  84  7:29  Probe  
  86  7:31  Zealot x4  
  86  7:33  Probe  
  86  7:35  Pylon  
  95  7:37  Probe  
  95  7:42  Robotics Bay  
  96  7:45  Shield Battery  
  96  7:48  Immortal  
  100  7:51  Stalker  
  100  7:53  Stalker  
  100  7:58  Zealot x2  
  104  8:09  Stalker x3  
  104  8:11  Zealot  
  95  8:14  Probe x2  
  89  8:26  Stalker x3  
  89  8:28  Probe  
  89  8:30  Protoss Ground Weapons Level 2 (Chrono Boost), Assimilator  
  89  8:32  Assimilator  
  90  8:35  Probe x2  
  92  8:42  Probe  
  94  8:53  Zealot x6  
  107  8:55  Colossus (Chrono Boost)  
  111  9:08  Pylon  
  101  9:13  Zealot  
  99  9:19  Zealot x4  
  99  9:20  Zealot  
  101  9:26  Probe x3  
  94  9:35  Zealot  
  94  9:36  Zealot  
  94  9:38  Probe x3  
  97  9:45  Colossus (Chrono Boost)  
  103  9:53  Dark Shrine  
  103  10:01  Probe x2  
  103  10:02  Pylon, Probe  
  106  10:13  Sentry x2  
  110  10:21  Stalker x3  
  110  10:22  Stalker  
  110  10:26  Gateway  
  110  10:27  Pylon, Colossus (Chrono Boost)  
  122  10:38  Stalker x2  
  120  10:43  Zealot x2  
  120  10:47  Protoss Ground Armor Level 1 (Chrono Boost)  
  122  10:58  Zealot x5  
  132  11:08  Dark Templar x2  
  136  11:12  Dark Templar  
  138  11:23  Nexus  
  138  11:25  Probe x3  
  137  11:38  Warp Prism (Chrono Boost)  
  135  11:43  Probe  
  136  11:47  Stalker  
  136  11:48  Stalker x3  
  138  12:01  Zealot x3  
  138  12:02  Zealot  
  138  12:06  Pylon  
  141  12:11  Probe x2  
  141  12:14  Dark Templar  
  145  12:18  Probe  
  146  12:24  Probe x2  
  144  12:30  Sentry x2, Probe  
  144  12:33  Pylon  
  144  12:34  Pylon  
  149  12:41  Zealot x2  
  149  12:42  Zealot  

Tags
 
Add a new tag
Caveats
  • Supply blocks, unpowered buildings, or Contaminate may cause inaccurate times.
  • Supply counts are checked every 10 seconds.